 Dungeon Crawl Stone Soup version 0.29-a0-872-g797fff5ad1 (webtiles) character file.

Game seed: 7766691974023816848

1692834 greasedhog the Slayer (level 26, 206/206 HPs)
             Began as a Gargoyle Gladiator on July 17, 2022.
             Was a High Priest of Okawaru.
             Escaped with the Orb
             ... and 3 runes on July 19, 2022!
             The game lasted 04:03:38 (64734 turns).

greasedhog the Slayer (Gargoyle Gladiator)         Turns: 64734, Time: 04:03:39

Health: 206/206    AC: 41    Str: 38 (39) XL:     26   Next: 73%
Magic:  32/32      EV: 28    Int:  7 (9)  God:    Okawaru [*****.]
Gold:   4666       SH: 19    Dex: 21 (22) Spells: 21/25 levels left

rFire   + . .      SeeInvis +   a - +9 demon whip (vamp)
rCold   + + +      Faith    .   L - +5 kite shield {reflect}
rNeg    + + .      Spirit   .   o - +4 skin of Zhor {*Englaciate rC+++ SInv}
rPois   ∞          Reflect  +   N - +2 hat "Omin" {Str+8 Dex+4}
rElec   +          Harm     .   H - +4 cloak of Claustrophobia {+Blink rElec rPois Dex+2}
rCorr   .          Rampage  .   U - +2 pair of gloves {Stlth+}
Will    ++...      Rnd*Tele +   A - +0 pair of boots "Povveil" {*Corrode rN+ Str+4}
Stlth   +++.......              k - amulet of Equilibrium {Acrobat Regen+ Str+3 Dex+2}
HPRegen 1.24/turn               I - ring of protection from fire
MPRegen 0.23/turn               Y - ring of Miheo {rC+ Will+ Dex+3}

@: flying, studying 4 skills
A: sickness immunity, AC +20, big wings, negative energy resistance 1,
electricity resistance, torment resistance 1, petrification resistance, antennae
1, iridescent scales 1, clumsy 2, deformed body, deterioration 1, dopey 1,
robust 1, screaming 1, teleportitis 1, wild magic 1, inability to drink while
threatened 1, inability to read while threatened 1
0: Orb of Zot
}: 3/15 runes: serpentine, barnacled, silver
a: Renounce Religion, Evoke Blink, Heroism, Finesse, Duel


You escaped.
You worshipped Okawaru.
Okawaru was extremely pleased with you.
You visited 10 branches of the dungeon, and saw 48 of its levels.
You visited 1 bazaar.
You also visited: Gauntlet and Ice Cave.

You collected 9973 gold pieces.
You spent 5307 gold pieces at shops.

Inventory:

Hand Weapons
 a - a +9 vampiric demon whip (weapon)
 b - the +5 hand crossbow of Xubayruhev {venom, rF+ rN+ Str+3 Int+2}
   (Okawaru gifted it to you on level 2 of the Shoals)

   Any ammunition fired from it poisons the flesh of those it strikes.
   Str:       It affects your strength (+3).
   Int:       It affects your intelligence (+2).
   rF:        It protects you from fire.
   rN:        It protects you from negative energy.
Missiles
 w - 4 throwing nets (quivered)
Armour
 o - the +4 skin of Zhor (worn) {*Englaciate rC+++ SInv}
   (You found it on level 2 of the Lair of Beasts)

   It radiates cold, occasionally slowing all nearby creatures who are not
   resistant to cold.
   rC:        It renders you almost immune to cold.
   SInv:      It lets you see invisible.
 A - the +0 pair of boots "Povveil" (worn) {*Corrode rN+ Str+4}
   (Okawaru gifted it to you on level 11 of the Dungeon)

   Str:       It affects your strength (+4).
   rN:        It protects you from negative energy.
   *Corrode:  It may corrode you when you take damage.
 H - the +4 cloak of Claustrophobia (worn) {+Blink rElec rPois Dex+2}
   (You acquired it on level 8 of the Dungeon)

   Dex:       It affects your dexterity (+2).
   rElec:     It insulates you from electricity.
   rPois:     It protects you from poison.
   +Blink:    It lets you blink.
 L - a +5 kite shield of reflection (worn)
 N - the +2 hat "Omin" (worn) {Str+8 Dex+4}
   (Okawaru gifted it to you on level 4 of the Shoals)

   Str:       It affects your strength (+8).
   Dex:       It affects your dexterity (+4).
 R - the +4 dragonskin cloak
   (You took it off Tiamat in the Arena)

   It grants the wearer a chance to resist fire, cold, poison, electricity,
   acid, and negative energy.
 U - a +2 pair of gloves of stealth (worn)
Jewellery
 e - the ring "Odudidyl" {AC+4 Str+3}
   (You bought it in a shop on level 2 of the Orcish Mines)

   [ring of protection]

   AC:        It affects your AC (+4).
   Str:       It affects your strength (+3).
 k - the amulet of Equilibrium (around neck) {Acrobat Regen+ Str+3 Dex+2}
   (You took it off a tengu reaver on level 5 of the Vaults)

   [amulet of the acrobat]

   It increases your evasion while moving and waiting.
   Str:       It affects your strength (+3).
   Dex:       It affects your dexterity (+2).
   Regen:     It increases your rate of health regeneration.
 I - a ring of protection from fire (left hand)
 T - a ring of resist corrosion
 Y - the ring of Miheo (right hand) {rC+ Will+ Dex+3}
   (You bought it in a shop on level 2 of the Orcish Mines)

   [ring of protection from cold]

   Dex:       It affects your dexterity (+3).
   rC:        It protects you from cold.
   Will:      It increases your willpower.
Wands
 c - a wand of mindburst (14)
 d - a wand of light (12)
 f - a wand of digging (11)
 l - a wand of flame (61)
 t - a wand of polymorph (24)
 K - a wand of roots (50)
Scrolls
 q - 20 scrolls of teleportation
 r - 3 scrolls of blinking
 u - 2 scrolls of magic mapping
 v - 4 scrolls of fog
 x - 6 scrolls of poison
 B - 3 scrolls of silence
 C - 8 scrolls of fear
 F - 6 scrolls of immolation
 J - 3 scrolls of enchant armour
 W - 6 scrolls of torment
 Z - a scroll of amnesia
Potions
 g - 8 potions of might
 h - 8 potions of haste
 i - 17 potions of curing
 m - 16 potions of lignification
 n - a potion of invisibility
 p - 13 potions of heal wounds
 y - 2 potions of cancellation
 z - 10 potions of attraction
 D - 9 potions of brilliance
 E - 2 potions of resistance
 G - 6 potions of ambrosia
 O - 4 potions of berserk rage
 P - 3 potions of magic
Miscellaneous
 j - a condenser vane
 S - a lightning rod (4/4)
 V - a piece from Xom's chessboard (15/15)


   Skills:
 * Level 25.5 Fighting
 - Level 12.0 Maces & Flails
 - Level 16.0 Ranged Weapons
 - Level 1.7 Throwing
 - Level 17.1 Armour
 * Level 22.0 Dodging
 - Level 15.0 Stealth
 - Level 14.1 Shields
 - Level 2.0 Translocations
 - Level 9.0 Air Magic
 - Level 13.0 Invocations
 - Level 10.0 Evocations


You had 21 spell levels left.
You knew the following spells:

 Your Spells              Type           Power      Damage    Failure   Level
a - Apportation           Tloc           6%         N/A       45%         1
b - Swiftness             Air            16%        N/A       10%         3

Your spell library contained the following spells:

 Spells                   Type           Power      Damage    Failure   Level
 Poisonous Vapours        Pois/Air       16%        N/A       28%         2
 Beastly Appendage        Tmut           0%         N/A       73%         1
 Necrotise                Necr           0%         1d4       73%         1
 Sandblast                Erth           0%         2d4       73%         1
 Slow                     Hex            0%         N/A       73%         1
 Gell's Gravitas          Tloc           3%         N/A       82%         3
 Lesser Beckoning         Tloc           3%         N/A       82%         3
 Teleport Other           Tloc           3%         N/A       82%         3
 Ensorcelled Hibernation  Hex/Ice        0%         N/A       85%         2
 Passwall                 Tmut/Erth      0%         N/A       85%         2
 Scorch                   Fire           0%         2d5       85%         2
 Portal Projectile        Hex/Tloc       2%         N/A       90%         3
 Corpse Rot               Necr/Pois/Air  5%         N/A       96%         4
 Conjure Flame            Conj/Fire      0%         6-21      97%         3
 Ignite Poison            Fire/Tmut/Pois 0%         N/A       97%         3
 Ozocubu's Armour         Ice            0%         N/A       97%         3
 Spider Form              Tmut/Pois      0%         N/A       97%         3
 Stone Arrow              Conj/Erth      0%         3d7       97%         3
 Silence                  Hex/Air        4%         N/A       99%         5
 Anguish                  Hex/Necr       0%         N/A       100%        4
 Cause Fear               Hex            0%         N/A       100%        4
 Flame Wave               Conj/Fire      0%         2d4       100%        4
 Fulminant Prism          Conj/Hex       0%         3d6       100%        4
 Leda's Liquefaction      Hex/Erth       0%         N/A       100%        4
 Petrify                  Tmut/Erth      0%         N/A       100%        4
 Sticky Flame             Conj/Fire      0%         2d3       100%        4
 Alistair's Intoxication  Tmut/Pois      0%         N/A       100%        5
 Blade Hands              Tmut           0%         N/A       100%        5
 Fireball                 Conj/Fire      0%         3d3       100%        5
 Irradiate                Conj/Tmut      0%         3d11      100%        5
 Iskenderun's Battlesphe  Conj           0%         2d6       100%        5
 Lee's Rapid Deconstruct  Erth           0%         3d5*      100%        5
 Metabolic Englaciation   Hex/Ice        0%         N/A       100%        5
 Yara's Violent Unravell  Hex/Tmut       0%         3d3       100%        5
 Conjure Ball Lightning   Conj/Air       4%         3x3d6     100%        6
 Dispersal                Tloc           1%         N/A       100%        6
 Eringya's Noxious Bog    Tmut/Pois      0%         N/A       100%        6
 Iron Shot                Conj/Erth      0%         9d1       100%        6
 Starburst                Conj/Fire      0%         6d3       100%        6
 Dragon Form              Tmut           0%         N/A       100%        7
 Orb of Destruction       Conj           0%         9d5       100%        7
 Storm Form               Tmut/Air       4%         N/A       100%        7
 Ignition                 Fire           0%         3d3       100%        8
 Maxwell's Capacitive Co  Air            8%         ∞         100%        8
 Chain Lightning          Conj/Air       4%         3d5       100%        9
 Fire Storm               Conj/Fire      0%         5d1       100%        9
 Shatter                  Erth           0%         3d5*      100%        9
 Summon Small Mammal      Summ           Unusable   N/A       N/A         1
 Sublimation of Blood     Necr           Unusable   N/A       N/A         2
 Summon Lightning Spire   Summ/Air       Unusable   N/A       N/A         4
 Tukima's Dance           Hex            Unusable   N/A       N/A         3
 Animate Armour           Summ/Erth      Unusable   N/A       N/A         4
 Simulacrum               Ice/Necr       Unusable   N/A       N/A         6
 Statue Form              Tmut/Erth      Unusable   N/A       N/A         6
 Summon Cactus Giant      Summ           Unusable   N/A       N/A         6
 Spellforged Servitor     Conj/Summ      Unusable   N/A       N/A         7
 Summon Horrible Things   Summ           Unusable   N/A       N/A         8
 Dragon's Call            Summ           Unusable   N/A       N/A         9

Dungeon Overview and Level Annotations

Branches:
Dungeon (15/15)            Temple (1/1) D:6            Lair (5/5) D:8
 Shoals (4/4) Lair:3        Snake (4/4) Lair:2        Slime (0/5) Lair:5
    Orc (2/2) D:9             Elf (3/3) Orc:2        Vaults (5/5) D:13
  Crypt (0/3) Vaults:3     Depths (4/4) D:15            Zot (5/5) Depths:4
  IceCv (visited)         Gauntlet (visited)

Altars:
Ashenzari
Cheibriados
Dithmenos
Elyvilon
Fedhas
Gozag
Hepliaklqana
Kikubaaqudgha
Makhleb
Nemelex Xobeh
Okawaru
Qazlal
Ru
Sif Muna
Trog
Uskayaw
Vehumet
Wu Jian
Xom
Yredelemnul
Zin
The Shining One
Jiyva

Shops:
D:5 =   D:6 ?   D:9 [*   D:15 :   Orc:1 (*   Orc:2 ==*:   Elf:1 [   Snake:2 [*!
Vaults:1 (   Vaults:4 (   Zot:5 *

Portals:
Hell: Depths:1 Depths:2 Depths:3 Depths:4
Abyss: Depths:1 Depths:2 Depths:3
Pandemonium: Depths:1 Depths:2
Ziggurat: Depths:1

Annotations:
Lair:4 exclusion: 4 oklob plants
Vaults:3 5 transporters
Depths:3 1 runed translucent door


Innate Abilities, Weirdness & Mutations

You are immune to sickness and miasma.
Your stone body is resilient. (AC +20)
You are immune to poison.
Your large and strong wings let you fly.
You resist negative energy. (rN+)
You are resistant to electric shocks. (rElec)
You are resistant to unholy torment.
You are immune to petrification.
You have a pair of small antennae on your head.
You are partially covered in iridescent scales. (AC +2)
You are very clumsy. (Dex -4)
Armour fits poorly on your strangely shaped body.
Your body sometimes deteriorates upon taking damage.
You are dopey. (Int -2)
You are robust. (+10% HP)
You occasionally shout uncontrollably at your foes.
You are occasionally teleported next to monsters.
Your spells are a little harder to cast, but a little more powerful.
You occasionally lose the ability to drink potions when taking damage.
You occasionally lose the ability to read scrolls when taking damage.


Message History

The rock shatters into small pieces.
There is a stone staircase leading up here.
You fly upwards.
A blizzard demon comes into view.
There is a stone staircase leading down here.
You radiate an aura of cold.
The blizzard demon is unaffected.
The blizzard demon gestures at you. The bolt of cold misses you.
You hit the blizzard demon.
The blizzard demon is lightly wounded.
You whack the blizzard demon!
The blizzard demon is moderately wounded.
The blizzard demon completely misses you.
You block the blizzard demon's attack.
You whack the blizzard demon!
The blizzard demon is moderately wounded.
You hit the blizzard demon but do no damage.
The blizzard demon is moderately wounded.
The blizzard demon gestures at you. The bolt of lightning misses you.
You hit the blizzard demon.
The blizzard demon is heavily wounded.
You radiate an aura of cold.
The blizzard demon is unaffected.
You block the blizzard demon's attack. x2
You thrash the blizzard demon!!
The blizzard demon is severely wounded.
You thrash the blizzard demon!!
You kill the blizzard demon!
Okawaru accepts your kill.
There is a stone staircase leading up here.
You fly upwards.
There is a stone staircase leading down here.
There is a stone staircase leading up here.
You fly upwards.
There is a stone staircase leading down here.
There is a stone staircase leading up here.
You fly upwards.
There is a stone staircase leading down here.
There is a staircase leading out of the dungeon here.
You have escaped!

...♣.♣.≈≈≈≈...♣.>♣
....♣♣.≈≈≈....♣..♣
.......≈≈≈...♣.♣♣♣
......≈≈≈≈.).♣..♣
......≈≈≈≈..♣♣♣.♣♣
...♣.♣≈≈≈≈...♣...♣
......≈≈≈.♣.....♣♣
......≈≈≈.......♣♣
...♣.≈≈≈≈.♣....♣@♣
##♣♣♣≈≈≈♣♣♣♣♣♣♣♣♣♣
# ♣≈≈≈≈♣ # ♣≈≈≈≈♣♣
##≈≈≈♣♣♣
###############
##.............#
....############
#####


There were no monsters in sight!

Vanquished Creatures
  3 dread liches
  Tiamat (Arena)
  An ancient lich (Vaults:5)
  Mennas (Depths:3)
  2 juggernauts (Depths:2)
  Vv (Depths:4)
  Vashnia (Snake:4)
  4 Killer Klowns (Zot:5)
  The ghost of tself55 the Slayer, a veteran PaFi of Okawaru (Zot:1)
  3 curse toes
  10 golden dragons
  Jory (Vaults:3)
  Nikola (Elf:1)
  2 electric golems
  A Tzitzimitl (Zot:2)
  Zenata (Vaults:4)
  21 tentacled monstrosities
  3 walking earthen tomes
  Mlioglotl (Arena)
  3 quicksilver dragons
  Asterion (Snake:1)
  3 liches
  4 deep elf blademasters
  The ghost of Kekav the Imperceptible, an adept FeVM of Ru (Depths:3)
  12 Orb Guardians
  3 deep elf master archers (Elf:3)
  A walking frostbound tome (Arena)
  A titan (Vaults:5)
  5 death cobs
  3 sphinxes
  Frances (Shoals:2)
  Polyphemus (Shoals:2)
  10 shadow dragons
  9 tengu reavers
  Donald (Vaults:4)
  Kirke (Snake:3)
  4 nagarajas (Snake:4)
  Roxanne (Shoals:2)
  10 storm dragons
  A revenant (Vaults:3)
  A draconian monk (Zot:5)
  Ilsuiw (Shoals:2)
  10 fire giants
  A draconian knight (Zot:3)
  A fenstrider witch (Shoals:1)
  9 deep elf sorcerers
  A ghost moth (Zot:3)
  15 vault wardens
  A ghost moth (shapeshifter) (Vaults:5)
  5 draconian scorchers
  6 frost giants
  An orc warlord (Vaults:4)
  2 draconian stormcallers (Zot:1)
  2 iron dragons
  8 draconian shifters
  2 deep elf elementalists (Elf:3)
  17 ironbound preservers
  43 very ugly things
  2 draconian annihilators
  An angel (D:8)
  4 ironbound thunderhulks
  4 war gargoyles
  5 green draconians
  5 stone giants
  3 vampire knights
  6 deep elf demonologists
  4 black draconians
  Azrael (Arena)
  An elemental wellspring (Shoals:3)
  10 red draconians
  2 entropy weavers
  10 white draconians
  A spark wasp (Depths:2)
  12 deep elf annihilators (Elf:3)
  7 yellow draconians
  6 purple draconians
  A minotaur (Gauntlet)
  An eidolon (Vaults:3)
  3 merfolk javelineers (Shoals:4)
  7 merfolk impalers
  2 blizzard demons
  2 deep elf death magi
  2 spectral golden dragons (Zot:1)
  4 crystal guardians
  7 fire dragons
  Josephine (Orc:2)
  6 great orbs of eyes
  12 yaktaur captains
  9 ettins
  Fannar (Orc:1)
  8 deep elf high priests
  A salamander tyrant (Snake:1)
  6 boulder beetles
  Erolcha (D:13)
  An alligator snapping turtle (Shoals:4)
  26 vault guards
  10 hydras
  An ogre mage (Vaults:5)
  2 spectral shadow dragons (Zot:1)
  12 ice dragons
  2 two-headed ogres (D:12)
  4 rakshasas
  A hell beast (Depths:1)
  5 catoblepae
  17 ironbound frosthearts
  4 peacekeepers
  26 naga warriors
  6 anacondas
  7 centaur warriors
  2 merfolk aquamancers
  2 satyrs (Shoals:4)
  29 death yaks
  3 merfolk avatars
  7 deep troll shamans
  A spectral draconian (Zot:1)
  A hell hog (Depths:1)
  12 naga sharpshooters
  26 dancing weapons
  10 deep troll earth magi
  3 tengu warriors
  Urug (D:12)
  A vampire mage (Depths:3)
  A shock serpent (shapeshifter) (Vaults:5)
  10 hell knights
  An orc high priest (Orc:2)
  13 shock serpents
  7 sun demons (Depths:1)
  Sonja (Orc:2)
  3 skeletal warriors (D:12)
  14 deep elf knights
  A shadow wraith (Vaults:5)
  Nergalle (Orc:1)
  7 spriggan berserkers
  A titan skeleton (Vaults:4)
  A storm dragon zombie (Vaults:4)
  9 iron trolls
  Amaemon (D:10)
  9 salamander mystics
  A spectral green draconian (Zot:1)
  A quicksilver dragon simulacrum (Zot:1)
  A glowing orange brain (Depths:3)
  9 naga ritualists
  9 sea snakes
  10 deep elf archers
  A shadow demon (D:5)
  69 deep trolls
  An obsidian statue (Gauntlet)
  8 wizards
  3 phantasmal warriors
  14 deep elf zephyrmancers
  An orange crystal statue (Arena)
  29 harpies
  6 lindwurms
  7 necromancers
  31 deep elf pyromancers
  10 ironbound convokers
  5 orc knights
  15 mana vipers
  A mana viper (shapeshifter) (Vaults:5)
  44 ugly things
  A shining eye (shapeshifter) (Vaults:5)
  A shining eye (Depths:1)
  A stone giant zombie (Vaults:4)
  6 fauns
  5 orc sorcerers
  21 moths of wrath
  16 manticores
  19 salamanders
  11 cyclopes
  A rust devil (Depths:1)
  Joseph (D:10)
  8 merfolk sirens
  21 elephants
  2 water nymphs
  2 molten gargoyles (Gauntlet)
  Maurice (D:11)
  2 orange demons
  39 black mambas
  11 cane toads
  2 torpor snails
  24 vault sentinels
  18 naga magi
  3 gargoyles
  An eye of devastation (shapeshifter) (Elf:2)
  A torpor snail (shapeshifter) (Vaults:5)
  3 freezing wraiths (Vaults:5)
  11 guardian serpents
  Maggie (D:8)
  4 eyes of devastation (Depths:1)
  A storm dragon simulacrum (Zot:1)
  A spriggan zombie (Depths:1)
  4 kobold demonologists
  A komodo dragon (shapeshifter) (Depths:3)
  19 rime drakes
  24 yaktaurs
  A spriggan skeleton (Depths:1)
  8 komodo dragons
  11 trolls
  2 red devils (Depths:1)
  2 golden dragon simulacra (Zot:1)
  A spectral moth of wrath (Zot:1)
  3 tengu conjurers
  6 meliai
  33 merfolk
  A meliai (shapeshifter) (Elf:3)
  9 wind drakes
  8 polar bears
  18 slime creatures
  A shadow dragon simulacrum (Zot:1)
  An elf zombie (Vaults:3)
  14 blink frogs
  A snapping turtle (shapeshifter) (Vaults:5)
  13 snapping turtles
  A dream sheep (shapeshifter) (Depths:4)
  19 dream sheep
  A jumping spider (shapeshifter) (D:15)
  A stone giant simulacrum (Depths:1)
  6 flying skulls
  4 shadows
  5 air elementals
  8 wyverns
  9 large abominations
  15 water elementals
  7 wraiths
  3 vampires
  4 fire elementals (Elf:1)
  16 humans (D:12)
  5 basilisks
  Eustachio (D:5)
  4 redbacks
  35 yaks
  7 hogs (Snake:3)
  A red draconian simulacrum (Zot:1)
  4 chaos spawn (Depths:2)
  2 steam dragons
  3 wargs
  Edmund (D:6)
  61 nagas
  12 water moccasins
  2 acid dragons
  3 hell hounds (Elf:1)
  A moth of wrath simulacrum (Zot:1)
  2 black bears
  23 orc warriors
  2 sky beasts
  2 ice beasts
  A boggart (Elf:1)
  3 small abominations (Depths:2)
  8 wolves
  3 ogres
  23 centaurs
  A kobold brigand (D:7)
  15 bullfrogs
  2 necrophages
  2 gnoll sergeants
  5 scorpions
  3 human skeletons
  6 wights
  5 killer bees (D:11)
  5 howler monkeys
  6 electric eels
  4 hounds
  2 jellies (Lair:5)
  26 orc priests
  A gnoll bouda (D:5)
  A hell rat (D:8)
  2 iguanas
  36 orc wizards
  16 gnolls
  3 river rats (D:8)
  12 adders
  4 shadow imps
  4 white imps
  4 ufetubi
  3 dart slugs
  66 orcs
  6 ball pythons
  6 endoplasms
  5 giant cockroaches
  5 goblins
  4 hobgoblins
  10 jackals
  20 kobolds
  8 quokkas
  6 bats
  3 frilled lizards
  6 rats
2038 creatures vanquished.

Vanquished Creatures (others)
  A death cob (Zot:2)
  A draconian knight (Zot:3)
  A draconian monk (Zot:5)
  A fire dragon (Depths:3)
  A dancing weapon (Elf:2)
  A wraith (D:6)
  A naga (Snake:1)
  An orc warrior (Elf:2)
  2 orcs
  8 fungi
  46 plants
64 creatures vanquished.

Grand Total: 2102 creatures vanquished

Notes
Turn   | Place    | Note
-------+----------+-------------------------------------------
     0 | D:1      | greasedhog the Gargoyle Gladiator began the quest for the
                  | Orb.
     0 | D:1      | Reached XP level 1. HP: 12/12 MP: 1/1
   171 | D:1      | Found a faded altar of an unknown god.
   213 | D:1      | Reached skill level 1 in Stealth
   229 | D:1      | Reached XP level 2. HP: 14/17 MP: 2/2
  1270 | D:2      | Reached XP level 3. HP: 21/21 MP: 3/3
  1556 | D:2      | Identified a scroll of acquirement
  1558 | D:2      | Acquired the +7 demon whip "Lovacrim" {pain, rPois rF-
                  | Will+ Int+3}
  1940 | D:3      | Reached XP level 4. HP: 20/26 MP: 4/4
  2038 | D:3      | Noticed an ogre
  2040 | D:3      | Noticed a scorpion
  2052 | D:3      | Killed an ogre
  2053 | D:3      | Reached XP level 5. HP: 30/30 MP: 5/5
  2103 | D:3      | Reached skill level 5 in Maces & Flails
  2132 | D:3      | Learned a level 1 spell: Apportation
  2135 | D:3      | Reached XP level 6. HP: 35/35 MP: 6/6
  2443 | D:3      | Found a stormy altar of Qazlal.
  2501 | D:3      | Reached skill level 5 in Stealth
  2664 | D:3      | Found a snail-covered altar of Cheibriados.
  2810 | D:4      | Found a shadowy altar of Dithmenos.
  2815 | D:4      | Found a blossoming altar of Fedhas.
  2816 | D:4      | Found a shimmering blue altar of Sif Muna.
  2818 | D:4      | Found an opulent altar of Gozag.
  2819 | D:4      | Found a glowing golden altar of the Shining One.
  2820 | D:4      | Found an iron altar of Okawaru.
  2825 | D:4      | Became a worshipper of Warmaster Okawaru
  2981 | D:4      | Reached XP level 7. HP: 40/40 MP: 7/7
  3537 | D:5      | Entered Level 5 of the Dungeon
  3611 | D:5      | Reached skill level 3 in Fighting
  3661 | D:5      | Found Recvon's Jewellery Boutique.
  3689 | D:5      | Reached * piety under Okawaru
  3690 | D:5      | Reached skill level 4 in Fighting
  3790 | D:5      | Reached XP level 8. HP: 48/48 MP: 8/8
  3827 | D:5      | Reached skill level 1 in Invocations
  3885 | D:5      | Noticed Eustachio
  3894 | D:5      | Killed Eustachio
  3895 | D:5      | Reached skill level 5 in Fighting
  3906 | D:5      | Acquired the +3 warlock's mirror {reflect}
  3906 | D:5      | Found the +3 warlock's mirror {reflect}
  4157 | D:6      | Reached ** piety under Okawaru
  4161 | D:6      | Reached skill level 1 in Shields
  4297 | D:6      | Found a staircase to the Ecumenical Temple.
  4372 | Temple   | Entered the Ecumenical Temple
  4652 | D:6      | Reached XP level 9. HP: 54/54 MP: 10/10
  4700 | D:6      | Noticed Edmund
  4722 | D:6      | Killed Edmund
  4729 | D:6      | Reached skill level 5 in Shields
  4764 | D:6      | Found a glowing silver altar of Zin.
  4801 | D:6      | Found Oriablat's Magic Scroll Shop.
  4819 | D:6      | Bought a scroll of identify for 28 gold pieces
  4819 | D:6      | Bought a scroll of identify for 28 gold pieces
  4819 | D:6      | Bought a scroll of enchant armour for 105 gold pieces
  4819 | D:6      | Bought a scroll of identify for 28 gold pieces
  5055 | D:6      | Found a faded altar of an unknown god.
  5057 | D:6      | Found a hazy altar of Hepliaklqana.
  5636 | D:7      | Reached *** piety under Okawaru
  6490 | D:7      | Reached skill level 10 in Maces & Flails
  6554 | D:8      | Reached XP level 10. HP: 9/59 MP: 11/11
  6880 | D:8      | Found a shimmering altar of Xom.
  6930 | D:8      | Noticed Maggie
  6947 | D:8      | Killed Maggie
  6948 | D:8      | Reached skill level 5 in Dodging
  7097 | D:8      | Noticed a death yak
  7098 | D:8      | Found a staircase to the Lair.
  7098 | D:8      | Noticed a death yak
  7151 | D:8      | Killed a death yak
  7183 | D:8      | Noticed a death yak
  7205 | D:8      | Killed a death yak
  7205 | D:8      | Reached **** piety under Okawaru
  7217 | D:8      | Killed a death yak
  7459 | D:8      | Reached skill level 5 in Armour
  7760 | D:8      | Acquired the +4 cloak of Claustrophobia {+Blink rElec rPois
                  | Dex+2}
  7863 | D:8      | Found a burning altar of Makhleb.
  7953 | D:9      | Found a bloodstained altar of Trog.
  8036 | D:9      | Reached ***** piety under Okawaru
  8160 | D:9      | Found a white marble altar of Elyvilon.
  8227 | D:9      | Found Boacsick's Assorted Antiques.
  8238 | D:9      | Reached XP level 11. HP: 64/64 MP: 13/13
  8296 | D:9      | Reached skill level 6 in Fighting
  8309 | D:9      | Found Lacyim's Armour Shop.
  8437 | D:9      | Found a staircase to the Orcish Mines.
  9255 | D:10     | Entered Level 10 of the Dungeon
  9261 | D:10     | Found a sacrificial altar of Ru.
  9366 | D:10     | Noticed Joseph
  9382 | D:10     | Killed Joseph
  9513 | D:10     | Identified the +6 longbow of Kiz Goev {venom, rElec Str+5}
                  | (Okawaru gifted it to you on level 10 of the Dungeon)
  9513 | D:10     | Received a gift from Okawaru
  9547 | D:10     | Noticed Amaemon
  9579 | D:10     | Killed Amaemon
  9593 | D:10     | Reached skill level 7 in Fighting
  9593 | D:10     | Reached skill level 5 in Invocations
 10376 | Lair:1   | Entered Level 1 of the Lair of Beasts
 10402 | Lair:1   | Acquired 1061 gold pieces
 11281 | Lair:2   | Found a gate leading to a gauntlet.
 11289 | Gauntlet | Entered a Gauntlet
 11289 | Gauntlet | Found a transporter.
 11294 | Gauntlet | Found a transporter.
 11298 | Gauntlet | Found a transporter.
 11303 | Gauntlet | Noticed a necromancer
 11306 | Gauntlet | Found a transporter.
 11310 | Gauntlet | Found a transporter.
 11320 | Gauntlet | Found a transporter.
 11320 | Gauntlet | Noticed a catoblepas
 11324 | Gauntlet | Found a transporter.
 11332 | Gauntlet | Found a transporter.
 11332 | Gauntlet | Noticed a moth of wrath
 11336 | Gauntlet | Found a transporter.
 11343 | Gauntlet | Found a runed translucent door.
 11346 | Gauntlet | Found a transporter.
 11359 | Gauntlet | Noticed an obsidian statue
 11366 | Gauntlet | Found a transporter.
 11378 | Gauntlet | Found a transporter.
 11390 | Gauntlet | Found a transporter.
 11402 | Gauntlet | Found a transporter.
 11481 | Gauntlet | Reached skill level 8 in Fighting
 11490 | Gauntlet | Identified the +0 great sword of Oskomere {pain, rC+}
 11515 | Gauntlet | Killed a necromancer
 11588 | Gauntlet | Killed a catoblepas
 11589 | Gauntlet | Reached XP level 12. HP: 75/75 MP: 13/17
 11594 | Gauntlet | Identified the +1 pair of gloves "Bebof Ozxi" {rElec Will-
                  | SInv}
 11618 | Gauntlet | Reached skill level 9 in Fighting
 11624 | Gauntlet | Identified the ring "Waviuh" {rF- rN+ Str+2 Int+6}
 11725 | Gauntlet | Noticed a minotaur
 11735 | Gauntlet | Identified the +1 robe of the Moon Troll {rC+ Str+4 Int+4
                  | Stlth+}
 11735 | Gauntlet | Identified the +0 great sword of Gourizih {vorpal, *Noise
                  | Str+6}
 11735 | Gauntlet | Identified the amulet "Hoih" {Reflect Int+4 SH+5}
 11746 | Gauntlet | Killed a minotaur
 11796 | Lair:2   | Identified the +1 chain mail of Exclusion {MP+9} (Okawaru
                  | gifted it to you on level 2 of the Lair of Beasts)
 11796 | Lair:2   | Received a gift from Okawaru
 12211 | Lair:2   | Found a staircase to the Snake Pit.
 12291 | Lair:2   | Reached skill level 10 in Stealth
 12373 | Lair:2   | Reached skill level 10 in Fighting
 12434 | Lair:2   | Reached skill level 1 in Evocations
 12439 | Lair:2   | Found the +4 skin of Zhor {*Englaciate rC+++ SInv}
 12785 | Lair:2   | Reached XP level 13. HP: 74/82 MP: 20/20
 13140 | Lair:3   | Found a staircase to the Shoals.
 13334 | Lair:3   | Reached skill level 10 in Invocations
 13349 | Lair:2   | Received a gift from Okawaru
 13668 | Lair:3   | Found an ancient bone altar of Kikubaaqudgha.
 13670 | Lair:3   | Reached skill level 5 in Evocations
 13822 | Lair:3   | Found a runed translucent door.
 13894 | Arena    | Entered the Arena
 13900 | Arena    | Received a gift from Okawaru
 13931 | Lair:3   | Identified the amulet "Dymeapn" {RegenMP +Blink rPois
                  | Stlth+}
 14890 | Lair:4   | Reached skill level 10 in Dodging
 15159 | Lair:4   | Gained mutation: Your large and strong wings let you fly.
                  | [Gargoyle growth]
 15159 | Lair:4   | Reached XP level 14. HP: 88/88 MP: 22/22
 15818 | Lair:5   | Entered Level 5 of the Lair of Beasts
 16069 | Lair:5   | Found a viscous altar of Jiyva.
 16070 | Lair:5   | Found a staircase to the Slime Pits.
 16093 | Lair:5   | Identified the +6 great mace of Harmony {venom, rC+ Int+2}
                  | (Okawaru gifted it to you on level 5 of the Lair of Beasts)
 16093 | Lair:5   | Received a gift from Okawaru
 17088 | Lair:5   | Received a gift from Okawaru
 17428 | Lair:5   | Reached XP level 15. HP: 92/92 MP: 24/24
 18003 | D:11     | Noticed Maurice
 18017 | D:11     | Killed Maurice
 18313 | D:11     | Reached ****** piety under Okawaru
 18313 | D:11     | Identified the +0 pair of boots "Povveil" {*Corrode rN+
                  | Str+4} (Okawaru gifted it to you on level 11 of the
                  | Dungeon)
 18313 | D:11     | Received a gift from Okawaru
 19212 | D:12     | Reached skill level 10 in Evocations
 19708 | D:13     | Noticed Urug
 19708 | D:13     | Found a gate to the Vaults.
 19917 | D:12     | Killed Urug
 20353 | D:13     | Reached skill level 11 in Fighting
 20717 | D:13     | Identified the +6 dire flail of Focus {holy, rPois Int+3
                  | Stlth+}
 20757 | D:13     | Noticed Erolcha
 20765 | D:13     | Killed Erolcha
 21741 | D:14     | Identified the +4 eveningstar of Yseups {flame, Fly rPois
                  | Dex+2 Stlth-} (Okawaru gifted it to you on level 14 of the
                  | Dungeon)
 21741 | D:14     | Received a gift from Okawaru
 22255 | D:14     | Reached skill level 12 in Fighting
 22768 | D:15     | Entered Level 15 of the Dungeon
 22815 | D:15     | Reached XP level 16. HP: 80/101 MP: 25/25
 23163 | D:15     | Found a burning altar of Makhleb.
 23320 | D:15     | Found a staircase to the Depths.
 23340 | D:15     | Received a gift from Okawaru
 23382 | D:15     | Received a gift from Okawaru
 23383 | D:15     | Reached skill level 13 in Fighting
 23728 | D:15     | Found Fozaw's Book Shop.
 24075 | Orc:1    | Entered Level 1 of the Orcish Mines
 24246 | Orc:1    | Found Kuag's Antique Weapon Emporium.
 24470 | Orc:2    | Entered Level 2 of the Orcish Mines
 24493 | Orc:2    | Noticed Josephine
 24506 | Orc:2    | Killed Josephine
 24863 | Orc:2    | Found Huresan's Book Shop.
 24863 | Orc:2    | Found Bocwut's Jewellery Boutique.
 24863 | Orc:2    | Found Viocuilu's Assorted Antiques.
 24887 | Orc:2    | Found Pihub's Jewellery Boutique.
 25004 | Orc:2    | Bought a potion of heal wounds for 165 gold pieces
 25004 | Orc:2    | Bought a bubbling black potion for 29 gold pieces
 25005 | Orc:2    | Bought the amulet of Moral Flaws {Acrobat rC+ Dex+4} for
                  | 838 gold pieces
 25005 | Orc:2    | Bought the ring of Miheo {rC+ Will+ Dex+3} for 702 gold
                  | pieces
 25005 | Orc:2    | Bought the ring "Odudidyl" {AC+4 Str+3} for 788 gold pieces
 25071 | Orc:2    | Noticed Sonja
 25075 | Orc:2    | Killed Sonja
 25075 | Orc:2    | Identified the +4 plate armour of Okawaru's Regard {Str+2}
                  | (Okawaru gifted it to you on level 2 of the Orcish Mines)
 25075 | Orc:2    | Received a gift from Okawaru
 25191 | Orc:2    | Found a staircase to the Elven Halls.
 25415 | Orc:1    | Noticed Fannar
 25437 | Orc:1    | Noticed Nergalle
 25450 | Orc:1    | Killed Fannar
 25472 | Orc:1    | Killed Nergalle
 25701 | Orc:1    | Found Weles's Overcharged Wands.
 25709 | Orc:1    | Bought a wand of flame (40) for 420 gold pieces
 25887 | Elf:1    | Entered Level 1 of the Elven Halls
 25911 | Elf:1    | Reached skill level 14 in Fighting
 26100 | Elf:1    | Reached skill level 15 in Dodging
 26241 | Elf:1    | Found Ilooxec's Armour Shop.
 26246 | Elf:1    | Noticed Azrael
 26252 | Arena    | Entered the Arena
 26257 | Arena    | Killed Azrael
 26365 | Elf:1    | Noticed Nikola
 26397 | Elf:1    | Killed Nikola
 26953 | Elf:2    | Reached skill level 15 in Fighting
 26953 | Elf:2    | Reached XP level 17. HP: 95/113 MP: 23/26
 27205 | Elf:2    | Identified the +4 ring mail "Qufridwe" {*Corrode rC+++
                  | Str+4}
 27470 | Elf:2    | Found a runed translucent gate.
 27470 | Elf:2    | Found a runed translucent gate.
 27470 | Elf:2    | Found a runed translucent gate.
 27470 | Elf:2    | Found a runed translucent gate.
 27470 | Elf:2    | Found a runed translucent gate.
 27472 | Elf:2    | Found a runed translucent gate.
 27741 | Elf:2    | Got the Secrets of the Hot Rocks
 27973 | Elf:2    | Found a runed translucent gate.
 27974 | Elf:2    | Found a runed translucent gate.
 27974 | Elf:2    | Found a runed translucent gate.
 28017 | Elf:2    | Noticed a deep elf blademaster
 28031 | Elf:2    | Killed a deep elf blademaster
 28458 | Elf:2    | Received a gift from Okawaru
 29169 | Snake:1  | Entered Level 1 of the Snake Pit
 29880 | Arena    | Entered the Arena
 29887 | Arena    | Identified the +1 animal skin of Okawaru's Indignation
                  | {Int+6} (Okawaru gifted it to you in the Arena)
 29887 | Arena    | Received a gift from Okawaru
 30117 | Snake:1  | Identified the +10 battleaxe "Wiucopuh" {antimagic, rF-
                  | rCorr Str-2 SInv}
 30196 | Snake:1  | Noticed Asterion
 30298 | Snake:1  | Reached skill level 10 in Shields
 30364 | Snake:1  | Killed Asterion
 30765 | Snake:1  | Reached XP level 18. HP: 111/119 MP: 27/27
 30806 | Snake:1  | Reached skill level 15 in Stealth
 30891 | Snake:1  | Gained mutation: You are occasionally teleported next to
                  | monsters. [potion of mutation]
 30891 | Snake:1  | Gained mutation: You are robust. (+10% HP) [potion of
                  | mutation]
 30891 | Snake:1  | Gained mutation: You have an increased reservoir of magic.
                  | (+10% MP) [potion of mutation]
 30891 | Snake:1  | Gained mutation: You are partially covered in large bone
                  | plates. (SH +4) [potion of mutation]
 30892 | Snake:1  | Lost mutation: You are occasionally teleported next to
                  | monsters. [potion of mutation]
 30892 | Snake:1  | Lost mutation: You are partially covered in large bone
                  | plates. (SH +4) [potion of mutation]
 30892 | Snake:1  | Lost mutation: You are robust. (+10% HP) [potion of
                  | mutation]
 30892 | Snake:1  | Gained mutation: You expend magic power (3 MP) to
                  | strengthen your wands. [potion of mutation]
 30892 | Snake:1  | Lost mutation: You have an increased reservoir of magic.
                  | (+10% MP) [potion of mutation]
 30893 | Snake:1  | Lost mutation: You expend magic power (3 MP) to strengthen
                  | your wands. [potion of mutation]
 30893 | Snake:1  | Gained mutation: You expend magic power (3 MP) to
                  | strengthen your wands. [potion of mutation]
 30893 | Snake:1  | Gained mutation: Your spells are a little easier to cast,
                  | but a little less powerful. [potion of mutation]
 30893 | Snake:1  | Gained mutation: Your muscles are strong. (Str +4, Int/Dex
                  | -1) [potion of mutation]
 30894 | Snake:1  | Lost mutation: Your muscles are strong. (Str +4, Int/Dex
                  | -1) [potion of mutation]
 30894 | Snake:1  | Lost mutation: You expend magic power (3 MP) to strengthen
                  | your wands. [potion of mutation]
 30894 | Snake:1  | Lost mutation: Your spells are a little easier to cast, but
                  | a little less powerful. [potion of mutation]
 30894 | Snake:1  | Gained mutation: Your mind is acute. (Int +4, Str/Dex -1)
                  | [potion of mutation]
 30895 | Snake:1  | Lost mutation: Your mind is acute. (Int +4, Str/Dex -1)
                  | [potion of mutation]
 30895 | Snake:1  | Gained mutation: You occasionally lose the ability to read
                  | scrolls when taking damage. [potion of mutation]
 30895 | Snake:1  | Gained mutation: You occasionally lose the ability to drink
                  | potions when taking damage. [potion of mutation]
 30895 | Snake:1  | Gained mutation: You have sharp fingernails. [potion of
                  | mutation]
 30895 | Snake:1  | Gained mutation: You are agile. (Dex +4, Str/Int -1)
                  | [potion of mutation]
 31105 | D:9      | Bought a scroll of enchant weapon for 225 gold pieces
 31105 | D:9      | Bought a potion of mutation for 240 gold pieces
 31105 | D:9      | Bought a potion of haste for 300 gold pieces
 31105 | D:9      | Lost mutation: You occasionally lose the ability to read
                  | scrolls when taking damage. [potion of mutation]
 31105 | D:9      | Lost mutation: You are agile. (Dex +4, Str/Int -1) [potion
                  | of mutation]
 31105 | D:9      | Lost mutation: You occasionally lose the ability to drink
                  | potions when taking damage. [potion of mutation]
 31105 | D:9      | Gained mutation: Your body sometimes deteriorates upon
                  | taking damage. [potion of mutation]
 31105 | D:9      | Gained mutation: Armour fits poorly on your strangely
                  | shaped body. [potion of mutation]
 31105 | D:9      | Gained mutation: You are covered in fur. (AC +1) [potion of
                  | mutation]
 32231 | Snake:2  | Identified the +6 scale mail "Qipie" {Dex+3} (Okawaru
                  | gifted it to you on level 2 of the Snake Pit)
 32231 | Snake:2  | Received a gift from Okawaru
 32524 | Snake:2  | Found Pykh's Antique Armour Shop.
 32526 | Snake:2  | Found Demeod's General Store.
 32528 | Snake:2  | Found Dukanu's Distillery.
 32534 | Snake:2  | Bought a scroll of identify for 24 gold pieces
 32534 | Snake:2  | Bought a potion of heal wounds for 60 gold pieces
 32581 | Snake:2  | Reached skill level 16 in Fighting
 33092 | Snake:3  | Found a frozen archway.
 33101 | IceCv    | Entered an ice cave
 33369 | IceCv    | Lost mutation: You are covered in fur. (AC +1) [potion of
                  | mutation]
 33369 | IceCv    | Lost mutation: Your body sometimes deteriorates upon taking
                  | damage. [potion of mutation]
 33369 | IceCv    | Lost mutation: You have sharp fingernails. [potion of
                  | mutation]
 33369 | IceCv    | Gained mutation: Your mind is acute. (Int +4, Str/Dex -1)
                  | [potion of mutation]
 33369 | IceCv    | Gained mutation: You have a somewhat thin skeletal
                  | structure. (Dex +2, Stealth+) [potion of mutation]
 33369 | IceCv    | Gained mutation: You passively map a small area around you.
                  | [potion of mutation]
 33521 | IceCv    | Reached skill level 10 in Armour
 33831 | Arena    | Entered the Arena
 33902 | Arena    | Entered the Arena
 34372 | Snake:3  | Reached skill level 17 in Fighting
 34781 | Snake:3  | Learned a level 3 spell: Swiftness
 34836 | Snake:3  | Reached XP level 19. HP: 128/128 MP: 28/28
 35347 | Snake:3  | Noticed Kirke
 35423 | Snake:3  | Killed Kirke
 35727 | Snake:4  | Entered Level 4 of the Snake Pit
 36610 | Snake:4  | Reached skill level 18 in Fighting
 36623 | Snake:4  | Identified the +6 short sword of the Shifting Puffin
                  | {vorpal, Will+}
 36644 | Snake:4  | Got Neunig's Volume of Moulding
 36679 | Snake:4  | Received a gift from Okawaru
 36894 | Snake:4  | Lost mutation: Armour fits poorly on your strangely shaped
                  | body. [potion of mutation]
 36894 | Snake:4  | Lost mutation: You have a somewhat thin skeletal structure.
                  | (Dex +2, Stealth+) [potion of mutation]
 36894 | Snake:4  | Lost mutation: You passively map a small area around you.
                  | [potion of mutation]
 36894 | Snake:4  | Gained mutation: You possess an exceptional clarity of
                  | mind. [potion of mutation]
 36894 | Snake:4  | Gained mutation: You are partially covered in iridescent
                  | scales. (AC +2) [potion of mutation]
 36894 | Snake:4  | Gained mutation: You are robust. (+10% HP) [potion of
                  | mutation]
 36894 | Snake:4  | Gained mutation: Your spells are a little harder to cast,
                  | but a little more powerful. [potion of mutation]
 37117 | Snake:4  | Reached skill level 1 in Translocations
 37120 | Snake:4  | Reached skill level 1 in Air Magic
 37205 | Snake:4  | Noticed Vashnia
 37245 | Snake:4  | Killed Vashnia
 37397 | Snake:4  | Got a serpentine rune of Zot
 37532 | Shoals:1 | Entered Level 1 of the Shoals
 37560 | Shoals:1 | Received a gift from Okawaru
 38064 | Shoals:1 | Got the Guidebook on Collective Fascination
 38524 | Shoals:2 | Noticed Ilsuiw
 38530 | Shoals:2 | Noticed Mlioglotl
 38545 | Shoals:2 | Killed Ilsuiw
 38546 | Arena    | Entered the Arena
 38556 | Arena    | Killed Mlioglotl
 38747 | Shoals:2 | Noticed Polyphemus
 38778 | Shoals:2 | Killed Polyphemus
 38783 | Shoals:2 | Reached XP level 20. HP: 131/150 MP: 29/29
 38949 | Shoals:2 | Noticed Frances
 38962 | Shoals:2 | Killed Frances
 38970 | Shoals:2 | Noticed Roxanne
 38987 | Shoals:2 | Identified the +5 hand crossbow of Xubayruhev {venom, rF+
                  | rN+ Str+3 Int+2} (Okawaru gifted it to you on level 2 of
                  | the Shoals)
 38987 | Shoals:2 | Received a gift from Okawaru
 39015 | Shoals:2 | Killed Roxanne
 39541 | Shoals:3 | Reached skill level 1 in Ranged Weapons
 39785 | Shoals:3 | Reached skill level 19 in Fighting
 40016 | Shoals:3 | Upgraded the game from 0.29-a0-870-g2c972031a6 to
                  | 0.29-a0-872-g797fff5ad1
 40360 | Shoals:4 | Entered Level 4 of the Shoals
 40557 | Shoals:4 | Reached skill level 5 in Air Magic
 41256 | Shoals:4 | Received a gift from Okawaru
 41630 | Shoals:4 | Identified the +2 hat "Omin" {Str+8 Dex+4} (Okawaru gifted
                  | it to you on level 4 of the Shoals)
 41630 | Shoals:4 | Received a gift from Okawaru
 41679 | Shoals:4 | Got a barnacled rune of Zot
 42631 | Vaults:1 | Entered Level 1 of the Vaults
 42668 | Vaults:1 | Reached skill level 5 in Ranged Weapons
 42714 | Arena    | Entered the Arena
 43161 | Vaults:1 | Found Jauruv's Weapon Shop.
 43714 | Vaults:1 | Lost mutation: Your mind is acute. (Int +4, Str/Dex -1) [a
                  | neqoxec]
 43751 | Vaults:1 | Reached skill level 20 in Fighting
 43888 | Vaults:1 | Reached XP level 21. HP: 160/160 MP: 30/30
 44798 | Vaults:2 | Received a gift from Okawaru
 46149 | Arena    | Entered the Arena
 46304 | Vaults:3 | Found a transporter.
 46304 | Vaults:3 | Found a transporter.
 46305 | Vaults:3 | Found the +8 Vampire's Tooth {vamp}
 46308 | Vaults:3 | Found a transporter.
 46331 | Vaults:3 | Found a transporter.
 46346 | Vaults:3 | Found a transporter.
 46384 | Vaults:3 | Found a staircase to the Crypt.
 46399 | Vaults:3 | Reached skill level 10 in Ranged Weapons
 46492 | Vaults:3 | Received a gift from Okawaru
 46714 | Vaults:3 | Noticed Jory
 46748 | Vaults:3 | Killed Jory
 47520 | Vaults:3 | Reached XP level 22. HP: 153/167 MP: 23/31
 47917 | Vaults:4 | Identified the +6 shortbow "Monwoago" {venom, rF+ Int+8}
                  | (Okawaru gifted it to you on level 4 of the Vaults)
 47917 | Vaults:4 | Received a gift from Okawaru
 48068 | Vaults:4 | Found Niejev's Antique Weapon Emporium.
 48238 | Arena    | Entered the Arena
 48439 | Vaults:4 | Noticed Donald
 48453 | Vaults:4 | Killed Donald
 48489 | Vaults:4 | Noticed Zenata
 48537 | Vaults:4 | Killed Zenata
 49537 | Depths:1 | Entered Level 1 of the Depths
 49537 | Depths:1 | Found a hide-covered altar of Uskayaw.
 49628 | D:15     | Received a gift from Okawaru
 49903 | Depths:1 | Gained mutation: You occasionally lose the ability to drink
                  | potions when taking damage. [a shining eye]
 49915 | Depths:1 | Found a one-way gate to the infinite horrors of the Abyss.
 50059 | Depths:1 | Identified the +4 dire flail of Foosm {vorpal, *Corrode
                  | rN+++ Stlth-}
 50603 | Depths:1 | Found a one-way gateway to a ziggurat.
 50713 | Depths:1 | Received a gift from Okawaru
 50775 | Depths:1 | Found a gateway to Hell.
 50820 | Depths:1 | Found an ornate altar of the Wu Jian Council.
 50952 | Depths:1 | Found a one-way gate leading to the halls of Pandemonium.
 51094 | Depths:1 | Identified the +3 plate armour "Loewim" {rPois Str+4
                  | Slay+2}
 51260 | Depths:2 | Noticed a juggernaut
 51523 | Depths:2 | Killed a juggernaut
 51535 | Depths:2 | Noticed a golden dragon
 51537 | Depths:2 | Noticed a juggernaut
 51553 | Depths:2 | Killed a juggernaut
 51571 | Depths:2 | Killed a golden dragon
 51646 | Depths:2 | Found a flickering gateway to a bazaar.
 51654 | Bazaar   | Entered a bazaar
 51654 | Bazaar   | Found Sudd's Book Emporium.
 51654 | Bazaar   | Found Fipruynt's Magic Scroll Shoppe.
 51654 | Bazaar   | Found Cezxusch's Book Emporium.
 51654 | Bazaar   | Found Gyusenoe's Magic Scroll Shoppe.
 51664 | Bazaar   | Bought a scroll of blinking for 75 gold pieces
 51664 | Bazaar   | Bought a scroll of blinking for 75 gold pieces
 51664 | Bazaar   | Bought a scroll of teleportation for 30 gold pieces
 51672 | Bazaar   | Bought a scroll of enchant armour for 142 gold pieces
 51672 | Bazaar   | Bought a scroll of enchant armour for 142 gold pieces
 51672 | Bazaar   | Bought a scroll of teleportation for 57 gold pieces
 51672 | Bazaar   | Bought a scroll of fear for 76 gold pieces
 51685 | Depths:2 | Acquired a manual of Armour
 51803 | Depths:2 | Reached XP level 23. HP: 160/171 MP: 32/32
 51945 | Depths:2 | Identified the +1 helmet of the Pits of Slime {Will++}
                  | (Okawaru gifted it to you on level 2 of the Depths)
 51945 | Depths:2 | Received a gift from Okawaru
 52646 | Depths:3 | Found a runed translucent door.
 52646 | Depths:3 | Found a shimmering altar of Xom.
 52646 | Depths:3 | Noticed Kekav's ghost (adept FeVM)
 52835 | Depths:3 | Killed Kekav's ghost
 52927 | Depths:3 | Identified the +1 tower shield of the Ego {Dex+3}
 52927 | Depths:3 | Noticed Mennas
 52948 | Depths:3 | Killed Mennas
 53167 | Arena    | Entered the Arena
 53242 | Arena    | Entered the Arena
 53282 | Depths:3 | Got the Omnibus of Mutagenic Frostbite
 54293 | Orc:1    | Bought a wand of digging (11) for 693 gold pieces
 54609 | Depths:3 | Found a glowing silver altar of Zin.
 54610 | Depths:3 | Found a runed translucent door.
 54729 | Depths:4 | Entered Level 4 of the Depths
 55131 | Depths:4 | Found a gate to the Realm of Zot.
 55131 | Depths:4 | Noticed a golden dragon
 55131 | Depths:4 | Noticed a golden dragon
 55155 | Depths:4 | Killed a golden dragon
 55202 | Depths:4 | Killed a golden dragon
 55203 | Depths:4 | Reached skill level 15 in Armour
 55905 | Depths:4 | Noticed Vv
 55962 | Depths:4 | Killed Vv
 55963 | Depths:4 | Reached skill level 21 in Fighting
 55983 | Depths:4 | Reached XP level 24. HP: 182/182 MP: 29/32
 56084 | Depths:4 | Identified the +5 trident of Fate {venom, rElec rC+ Dex+3
                  | Stlth-} (Okawaru gifted it to you on level 4 of the Depths)
 56084 | Depths:4 | Received a gift from Okawaru
 56853 | Vaults:5 | Entered Level 5 of the Vaults
 56855 | Arena    | Entered the Arena
 56951 | Vaults:5 | Received a gift from Okawaru
 57066 | Vaults:5 | Found the +9 staff of Wucad Mu {*channel}
 57069 | Vaults:5 | Identified the +3 falchion of Sakeq {vorpal, Will+ Int+3
                  | Stlth-}
 57169 | Vaults:5 | Received a gift from Okawaru
 57233 | Vaults:5 | Received a gift from Okawaru
 57244 | Vaults:5 | Reached skill level 22 in Fighting
 57264 | Vaults:5 | Identified the amulet of Equilibrium {Acrobat Regen+ Str+3
                  | Dex+2}
 57288 | Vaults:5 | Noticed a dread lich
 57301 | Vaults:5 | Identified the +0 leather armour "Niemapia" {rElec rF+
                  | Int+2}
 57303 | Arena    | Entered the Arena
 57320 | Arena    | Killed a dread lich
 57626 | Vaults:5 | Gained mutation: You are dopey. (Int -2) [a shining eye]
 57643 | Vaults:5 | Identified the amulet "Haav" {Harm rC+ Regen+ SInv}
 57734 | Vaults:5 | Noticed an ancient lich
 57749 | Vaults:5 | Killed an ancient lich
 58048 | Vaults:5 | Got a silver rune of Zot
 58159 | Vaults:5 | Identified the +2 halberd of Lies {antimagic, rPois}
 58159 | Vaults:5 | Identified the +9 ring mail of Indomitability {rElec Str-4
                  | Int+4}
 58289 | Vaults:5 | Identified the +5 lajatang "Hydra's Regret" {freeze, rCorr
                  | Int+3 Stlth+}
 58932 | Elf:3    | Entered Level 3 of the Elven Halls
 58935 | Elf:3    | Paralysed by an air elemental for 1 turns
 59238 | Elf:3    | Identified the +2 pair of gloves of Disguise {rPois Dex-3
                  | Stlth+}
 59284 | Elf:3    | Reached XP level 25. HP: 176/192 MP: 32/32
 59345 | Elf:3    | Reached skill level 23 in Fighting
 59522 | Elf:3    | Identified the +4 long sword "Fuxtoilo" {vorpal, Contam
                  | rElec Str+8}
 59522 | Elf:3    | Identified the ring of Koapoim {+Blink EV+4 Int+5}
 59522 | Elf:3    | Identified the ring "Rebitoz" {rC+ AC+4}
 59554 | Elf:3    | Identified the +3 leather armour of a bazaar {rF+ rC+ Str+5
                  | Slay-3}
 59668 | Elf:3    | Got the Atlas of the Storm
 59754 | Elf:3    | Identified the +3 plate armour of Leapfrog {rElec Int+4}
                  | (Okawaru gifted it to you on level 3 of the Elven Halls)
 59754 | Elf:3    | Received a gift from Okawaru
 59794 | Elf:3    | Identified the +1 leather armour "Forget-Me-Not" {Str-5
                  | Int+7 SInv}
 60709 | Zot:1    | Entered Level 1 of the Realm of Zot
 60833 | Zot:1    | Found a runed translucent gate.
 60836 | Zot:1    | Found a runed translucent gate.
 60837 | Zot:1    | Found a runed translucent gate.
 60840 | Zot:1    | Noticed tself55's ghost (veteran PaFi)
 60996 | Zot:1    | Killed tself55's ghost
 61129 | Zot:1    | Acquired 1016 gold pieces
 61542 | Zot:1    | Reached skill level 24 in Fighting
 61931 | Zot:1    | Acquired a manual of Ranged Weapons
 61946 | Zot:1    | Noticed an orb of fire
 61951 | Zot:1    | Gained mutation: You are clumsy. (Dex -2) [an orb of fire]
 61959 | Zot:1    | Gained mutation: You occasionally shout uncontrollably at
                  | your foes. [an orb of fire]
 61962 | Zot:1    | Gained mutation: Armour fits poorly on your strangely
                  | shaped body. [an orb of fire]
 61966 | Zot:1    | Gained mutation: You are very clumsy. (Dex -4) [an orb of
                  | fire]
 62164 | Depths:4 | Lost mutation: You possess an exceptional clarity of mind.
                  | [potion of mutation]
 62164 | Depths:4 | Lost mutation: Armour fits poorly on your strangely shaped
                  | body. [potion of mutation]
 62164 | Depths:4 | Lost mutation: You are very clumsy. (Dex -4) [potion of
                  | mutation]
 62164 | Depths:4 | Gained mutation: You are occasionally teleported next to
                  | monsters. [potion of mutation]
 62164 | Depths:4 | Gained mutation: Your body sometimes deteriorates upon
                  | taking damage. [potion of mutation]
 62164 | Depths:4 | Gained mutation: You have a pair of small antennae on your
                  | head. [potion of mutation]
 62312 | Zot:2    | Found the +4 dragonskin cloak
 62312 | Zot:2    | Noticed Tiamat
 62330 | Arena    | Entered the Arena
 62423 | Arena    | Killed Tiamat
 62622 | Zot:1    | Gained mutation: Armour fits poorly on your strangely
                  | shaped body. [an orb of fire]
 62748 | Zot:2    | Reached XP level 26. HP: 204/204 MP: 32/32
 62972 | Zot:3    | Identified the +10 mace of Linearity {venom, rF+ Dex+3}
                  | (Okawaru gifted it to you on level 3 of the Realm of Zot)
 62972 | Zot:3    | Received a gift from Okawaru
 63172 | Zot:5    | Entered Level 5 of the Realm of Zot
 63231 | Zot:5    | Reached skill level 25 in Fighting
 63381 | Zot:5    | Noticed a dread lich
 63401 | Zot:5    | Noticed a Killer Klown
 63410 | Zot:5    | Killed a dread lich
 63426 | Zot:5    | Killed a Killer Klown
 63427 | Zot:5    | Reached skill level 15 in Ranged Weapons
 63432 | Zot:5    | Noticed a Killer Klown
 63447 | Zot:5    | Killed a Killer Klown
 63449 | Zot:5    | Noticed a Killer Klown
 63462 | Zot:5    | Noticed an orb of fire
 63514 | Zot:5    | Noticed an orb of fire
 63545 | Zot:5    | Noticed a Killer Klown
 63545 | Zot:5    | Noticed a Killer Klown
 63545 | Zot:5    | Noticed an orb of fire
 63545 | Zot:5    | Noticed an orb of fire
 63545 | Zot:5    | Noticed an ancient lich
 63545 | Zot:5    | Noticed an orb of fire
 63545 | Zot:5    | Noticed a Killer Klown
 63545 | Zot:5    | Noticed a Killer Klown
 63545 | Zot:5    | Noticed a Killer Klown
 63545 | Zot:5    | Noticed a Killer Klown
 63604 | Zot:5    | Noticed a Killer Klown
 63617 | Zot:5    | Noticed a Killer Klown
 63625 | Zot:5    | Found Disoamy's CLEARANCE SALE!.
 63638 | Zot:5    | Bought a scroll of blinking for 37 gold pieces
 63849 | Zot:5    | Killed a Killer Klown
 63859 | Zot:5    | Killed a Killer Klown
 63859 | Zot:5    | Received a gift from Okawaru
 63989 | Zot:5    | Noticed a dread lich
 63993 | Zot:5    | Gained mutation: You are very clumsy. (Dex -4) [an orb of
                  | fire]
 64004 | Zot:5    | Got the Orb of Zot
 64052 | Zot:3    | Noticed a dread lich
 64084 | Zot:3    | Killed a dread lich
 64103 | Zot:3    | Noticed an orb of fire
 64103 | Zot:3    | Gained mutation: You occasionally lose the ability to read
                  | scrolls when taking damage. [an orb of fire]
 64336 | Depths:1 | Noticed Myrghotufami the pandemonium lord
 64734 | D:$      | Escaped with the Orb!

Illustrated notes

Levels and vault maps discovered:
D:1:      lemuel_arrival_river_ford, layout_loops_corners,
          basic_ecumenical_altar, minmay_misc_feat_room
D:2:      layout_loops_ring, serial_bayou_pond_a, minmay_fountain_box,
          fountainhead
D:3:      layout_rooms, kennysheep_slug_shrine, marbit_many_paths,
          minmay_statues_item
D:4:      layout_gridville, minitemple, nicolae_titane
D:5:      layout_basic, serial_shops, shop_fountains, uniq_eustachio
D:6:      layout_basic, mainiacjoe_overflow_six_doors_small,
          beargit_hepliaklqana_dungeon_heroes, minmay_temple_entry_statues,
          serial_shops, nicolae_shop_advertising_works
          [nicolae_subvault_shop_adworks], minmay_manual_monstrance, uniq_edmund
D:7:      layout_gridville, serial_rivers, chequers_serial_rivers_micro_a,
          chequers_serial_rivers_small_3, chequers_serial_rivers_micro_d,
          chequers_serial_rivers_room_a, chequers_serial_rivers_room_a
D:8:      layout_loops_ring, xom_teletrap_fun, old_standard_altar,
          dpeg_lair_monsters, uniq_maggie
D:9:      layout_roguey, nicolae_elyvilon_peaceful_grove,
          mainiacjoe_overflow_cross_hatched, orc_david_3, serial_shops,
          nicolae_shop_hallway_stairs, dreamdust_princess_bridge
D:10:     layout_irregular_city, nicolae_overflow_hidden_temple,
          minmay_misc_feat_nine_boxes, minmay_misc_feat_tiny, uniq_joseph,
          uniq_amaemon
D:11:     layout_loops_corners, minivault_27, uniq_maurice
D:12:     layout_rooms
D:13:     layout_loops_cross, david_vaults_3, uniq_erolcha
D:14:     layout_irregular_city
D:15:     hangedman_depths_entry_civil_slaughter, layout_loops_ring,
          kennysheep_doodads, serial_shops, nicolae_shop_hallway_stairs,
          bloody_makhleb
Temple:   nicolae_temple_bog_church
Lair:1:   layout_small_grid, serial_bayou_shore_a
Lair:2:   layout_cave_shapes, guppyfry_snake_entry_garden,
          gauntlet_entry_generic, hellmonk_guarded_unrand_zhor,
          serial_bayou_shore_b, lemuel_fruit_fields
Lair:3:   layout_gridlike, minmay_shoals_entry_centaurs, basic_altar,
          pf_torpor_hydra
Lair:4:   layout_cave_pods, dpeg_oklob_1
Lair:5:   grunt_lair_end_beastmaster, layout_hall_layers,
          nicolae_slime_entry_slimehenge, minivault_25, grunt_megastairs_4,
          serial_bayou_shore_b
Shoals:1: layout_shoals, nicolae_shoals_beach_house_on_fowls_legs
Shoals:2: layout_shoals, uniq_polyphemus, uniq_frances, uniq_roxanne,
          uniq_ilsuiw, uniq_mlioglotl
Shoals:3: layout_shoals, nicolae_shoals_spring_well_temple
Shoals:4: shoals_end_grunt_ice, layout_shoals
Snake:1:  cheibrodos_snake_lava_hold, layout_onion, evilmike_ambush
          [evilmike_ambush_outer_basic, evilmike_ambush_inner_basic],
          uniq_asterion
Snake:2:  layout_misc_corridors, special_room, serial_bayou_shore_b,
          minmay_shop_star, lemuel_fruit_tree
Snake:3:  layout_grid_maze, portal_ice_cave_entry_pillars_2, grunt_ministairs_9,
          uniq_kirke
Snake:4:  johnstein_snake_rune_scales, layout_gridlike,
          nicolae_snake_serpentine_hallways, nicolae_snake_mages_go_home
Orc:1:    layout_caves, serial_shops, nicolae_shop_hallway_plus,
          nicolae_shop_overcharged_wands, uniq_nergalle, uniq_fannar
Orc:2:    st_orc_mages, layout_diamond_mine, uniq_josephine, uniq_sonja
Elf:1:    minmay_elf_arrival_circle, layout_geoelf_octagon, serial_shops, shop,
          hangedman_elf_disciples, uniq_azrael, uniq_nikola
Elf:2:    nicolae_elf_blades_crystal_corner, layout_geoelf_diagonals,
          orc_legates
Elf:3:    minmay_elf_hall_furrowed, layout_geoelf_castle
Vaults:1: v_misc_15, hangedman_vaults_unwind, v_rooms_6, vaults_mumra_chevron,
          vaults_standard_mumra_lines, v_misc_1, v_misc_3,
          vaults_room_semicircle, vaults_mumra_lcd, v_misc_14,
          nicolae_vaults_ninety_degrees, nicolae_vaults_little_squares_5,
          v_alt_pattern_1, nicolae_vaults_specimen_jars,
          vaults_room_hangedman_quadrants, layout_vaults_omnibox, serial_shops,
          nicolae_shop_bloodbath_and_beyond
Vaults:2: hangedman_vaults_trim, vaults_room_door_hall, v_alt_pattern_5,
          hangedman_vaults_snaps, vaults_room_semicircle, v_misc_33,
          vaults_room_octagon, v_pattern_4, grunt_vaults_focal, v_misc_22,
          vaults_dpeg_ring, layout_vaults_ring
Vaults:3: v_rooms_3, gammafunk_the_bubble [the_bubble_gammafunk_roulette],
          v_rooms_6, nicolae_vaults_what_the_h,
          minmay_crypt_entry_simple_sparse, hangedman_vaults_stream,
          nicolae_vaults_ring_of_whatevers, vaults_mumra_chevron_long,
          v_misc_14, ontoclasm_vaults_ring_small, nicolae_vaults_theta,
          vaults_mumra_hex, layout_vaults_big_cross, uniq_jory
Vaults:4: v_misc_3, vaults_room_corners, hangedman_vaults_nails,
          nicolae_vaults_inception_scallops, nicolae_vaults_little_squares_4,
          grunt_vaults_hallway_short, vaults_room_grid, v_misc_10,
          hangedman_vaults_maws, nicolae_vaults_little_ls,
          layout_vaults_quadrants, serial_shops, shop, uniq_zenata, uniq_donald
Vaults:5
Depths:1: layout_honeycomb, enter_ziggurat_a,
          nicolae_hell_entry_hellmouth_sunbeams, rand_demon_pan_entry_5,
          nicolae_uskayaw_dance_hall, abyss_entry, statue_in_the_mist_lemuel,
          nzn_wu_jian_council_hall
Depths:2: minmay_bad_star, layout_cave_pools, serial_shops, bzr_entry_dummy,
          eino_curves_03, grunt_hell_entry_dis_grunt, minmay_room_of_horrors,
          pan_entry, minmay_holes, minmay_staircase_windowed_large
Depths:3: kennysheep_windowed_halls, layout_honeycomb,
          chequers_serial_rivers_micro_b, abyss_entry, hell_entry,
          ebering_ghost_xom, lemuel_angel_altar, uniq_mennas
Depths:4: grunt_zot_entry_funnels, layout_gridlike, hangedman_decor_points,
          hell_entry, uniq_vv
Zot:1:    layout_concentric_octagons, gammafunk_ghost_necromancy,
          st_single_dragon_hoard_4, grunt_megastairs_2
Zot:2:    layout_misc_corridors, bh_zot_lava_cross, uniq_tiamat
Zot:3:    layout_gridlike, hangedman_player_shredder
Zot:4:    layout_gridlike
Zot:5:    layout_gridlike, nicolae_shop_clearance

Skill      XL: |  1  2  3  4  5  6  7  8  9 10 11 12 13 14 15 16 17 18 19 20 21 22 23 24 25 26 |
---------------+-------------------------------------------------------------------------------+-----
Stealth        | 1 2 3 4 5 8 10 11 14 15 | 15.0
Maces & Flails | 4 5 6 8 10 11 12 | 12.0
Fighting       | 4 5 8 10 12 15 17 18 20 21 22 24 25 | 25.5
Invocations    | 2 3 7 9 11 13 | 13.0
Shields        | 4 5 10 13 14 | 14.1
Dodging        | 4 5 6 10 12 14 15 16 17 18 19 20 21 22 | 22.0
Armour         | 5 6 10 16 17 | 17.1
Evocations     | 3 6 9 10 | 10.0
Translocations | 2 |  2.0
Air Magic      | 4 5 9 |  9.0
Ranged Weapons | 6 11 12 13 16 | 16.0
Throwing       | |  1.7

Action                   |  1- 3 |  4- 6 |  7- 9 | 10-12 | 13-15 | 16-18 | 19-21 | 22-24 | 25-27 || total
-------------------------+-------+-------+-------+-------+-------+-------+-------+-------+-------++-------
Melee: Flail             |    75 |       |       |       |       |       |       |       |       ||    75
       Punch             |     1 |     2 |     4 |       |       |       |       |       |       ||     7
       Demon whip        |    18 |    98 |   313 |   582 |  1405 |   784 |  1787 |  1853 |  1252 ||  8092
       Eveningstar       |       |       |       |       |    65 |   948 |       |       |       ||  1013
 Fire: Hand crossbow     |       |       |       |       |       |       |   455 |   415 |   300 ||  1170
Throw: Throwing net      |       |     1 |       |     3 |       |       |       |     3 |       ||     7
       Dart              |       |       |       |     5 |    11 |    16 |     2 |       |       ||    34
       Javelin           |       |       |       |       |       |     6 |       |       |       ||     6
 Cast: Apportation       |       |       |       |       |     9 |     2 |     3 |       |       ||    14
       Swiftness         |       |       |       |       |       |     1 |     1 |     1 |     8 ||    11
Invok: Heroism           |       |       |       |    13 |    12 |    30 |     7 |    14 |     8 ||    84
       Finesse           |       |       |       |     6 |     4 |    13 |     5 |    10 |     6 ||    44
       Duel              |       |       |       |       |     1 |     4 |     3 |     5 |     1 ||    14
 Abil: Evoke Blink       |       |       |       |       |       |       |       |     5 |       ||     5
Evoke: Piece from Xom's  |       |       |       |       |    10 |     2 |       |       |     2 ||    14
       Wand              |       |       |       |       |     4 |     1 |       |     2 |     3 ||    10
       Condenser vane    |       |       |       |       |     1 |     1 |     1 |     2 |     4 ||     9
       Lightning rod     |       |       |       |       |       |       |       |     6 |     6 ||    12
  Use: Scroll            |     4 |       |     7 |    11 |     7 |    15 |     4 |    14 |    20 ||    82
       Potion            |       |       |       |     2 |       |     8 |     1 |       |    10 ||    21
 Stab: Sleeping          |     4 |     5 |    20 |     4 |    20 |    19 |    20 |     6 |     5 ||   103
       Distracted        |       |       |       |       |     3 |     4 |     3 |     3 |       ||    13
       Petrified         |       |       |       |       |       |       |     6 |       |       ||     6
       Petrifying        |       |       |       |       |       |       |     1 |       |       ||     1
       Held in net/web   |       |       |       |       |       |       |       |     3 |       ||     3
       Confused          |       |       |       |       |       |       |       |       |     3 ||     3
Armor: Leather armour    |    26 |    20 |    60 |       |       |       |       |       |       ||   106
       Steam dragon scal |       |       |    17 |     7 |       |       |       |       |       ||    24
       Acid dragon scale |       |       |       |    75 |       |       |       |       |       ||    75
       Animal skin       |       |       |       |     4 |   269 |   258 |   330 |   286 |   446 ||  1593
Dodge: Dodged            |    86 |    91 |   185 |   241 |   855 |  1212 |  1093 |   937 |  1009 ||  5709
Block: Buckler           |       |       |    85 |   158 |   397 |   769 |   680 |    25 |       ||  2114
       Reflection        |       |       |     7 |     4 |    35 |    84 |    92 |    24 |    24 ||   270
       Kite shield       |       |       |       |       |       |       |       |  1034 |  1057 ||  2091

Table legend: (Time is in decaauts)
 A = Elapsed time spent in this place.
 B = Non-inter-level travel time spent in this place.
 C = Inter-level travel time spent in this place.
 D = Time resting spent in this place.
 E = Time spent auto-exploring this place.
 F = Levels seen in this place.
 G = Mean time per level.
                   A        B        C        D        E       F      G
               +--------+--------+--------+--------+--------+-----+--------+
         Total |  60890 |  56425 |   4465 |   5948 |  33594 |  65 |  936.8 |
       Dungeon |  17801 |  15951 |   1850 |   1436 |  11296 |  15 | 1186.7 |
        Temple |    237 |    220 |     17 |      0 |    211 |   1 |  237.0 |
          Lair |   7409 |   7012 |    397 |   1043 |   4217 |   5 | 1481.8 |
        Shoals |   4749 |   4619 |    130 |      2 |   3223 |   4 | 1187.2 |
     Snake Pit |   5678 |   5458 |    220 |    720 |   2427 |   4 | 1419.5 |
  Orcish Mines |   1921 |   1677 |    244 |    108 |   1054 |   2 |  960.5 |
   Elven Halls |   4656 |   4441 |    215 |   1048 |   1879 |   3 | 1552.0 |
        Vaults |   8249 |   7503 |    746 |    235 |   5411 |   5 | 1649.8 |
        Depths |   5790 |   5269 |    521 |    729 |   2971 |   4 | 1447.5 |
           Zot |   2864 |   2741 |    123 |    365 |    531 |   5 |  572.8 |
        Bazaar |     29 |     29 |      0 |      0 |     18 |   1 |   29.0 |
      Ice Cave |    900 |    900 |      0 |    237 |    335 |   1 |  900.0 |
      Gauntlet |    412 |    412 |      0 |     23 |     20 |   1 |  412.0 |
         Arena |    189 |    189 |      0 |      0 |      0 |  14 |   13.5 |
               +--------+--------+--------+--------+--------+-----+--------+

Top non-repeatable levels by time:
  Lair:2: 2303 daAuts
Vaults:3: 2122 daAuts
   Elf:2: 2081 daAuts
Shoals:4: 1983 daAuts
    D:15: 1894 daAuts
Depths:3: 1803 daAuts
Vaults:1: 1661 daAuts
     D:8: 1655 daAuts
Vaults:4: 1583 daAuts
    D:14: 1571 daAuts
 Snake:4: 1547 daAuts
  Lair:5: 1537 daAuts
 Snake:1: 1524 daAuts
Depths:4: 1523 daAuts
 Snake:3: 1519 daAuts
